 Dungeon Crawl Stone Soup version 0.28-b1-70-g80dc712255 (webtiles) character file.

Game seed: 4305250264213328027

65 pkoi the Conjurer (level 3, -1/26 HPs)
             Began as a Draconian Conjurer on Feb 3, 2022.
             Slain by a gnoll (4 damage)
             ... on level 1 of the Dungeon.
             The game lasted 00:01:48 (1994 turns).

pkoi the Conjurer (Draconian Conjurer)              Turns: 1994, Time: 00:01:49

Health: -1/26      AC:  5    Str:  9    XL:     3   Next: 94%
Magic:  3/7        EV: 12    Int: 20    God:
Gold:   76         SH:  0    Dex:  9    Spells: 4/7 levels left

rFire   . . .      SeeInvis .   d - +2 short sword (venom)
rCold   . . .      Faith    .   (no shield)
rNeg    . . .      Spirit   .   (armour unavailable)
rPois   .          Reflect  .   (helmet restricted)
rElec   .          Harm     .   (no cloak)
rCorr   .          Rampage  .   (no gloves)
Will    .....                   (no boots)
Stlth   ++........              (no amulet)
HPRegen 0.08/turn               (no ring)
MPRegen 0.10/turn               (no ring)

@: no status effects
A: AC +5, unfitting armour, cold-blooded
a: no special abilities


You were on level 1 of the Dungeon.
You visited 1 branch of the dungeon, and saw 2 of its levels.

You collected 76 gold pieces.

Inventory:

Hand Weapons
 b - a +0 dagger
 d - a +2 short sword of venom (weapon)
Scrolls
 a - a scroll of fog {unknown}
 c - a scroll of magic mapping {unknown}
 f - a scroll of immolation {unknown}
 g - a scroll of identify {unknown}
Potions
 e - a potion of flight {unknown}


   Skills:
 - Level 1.7 Dodging
 - Level 1.7 Stealth
 + Level 2.7 Spellcasting
 * Level 5.1 Conjurations


You had 4 spell levels left.
You knew the following spells:

 Your Spells              Type           Power      Damage    Failure   Level
a - Magic Dart            Conj           92%        1d7       1%          1
b - Searing Ray           Conj           46%        2d6       2%          2

Your spell library contained the following spells:

 Spells                   Type           Power      Damage    Failure   Level
 Dazzling Flash           Conj/Hex       26%        N/A       16%         3
 Corpse Rot               Necr/Air       4%         N/A       22%         2
 Poisonous Vapours        Pois/Air       4%         N/A       22%         2
 Fulminant Prism          Conj/Hex       6%         3d7       45%         4
 Iskenderun's Mystic Bla  Conj/Tloc      13%        2d5       45%         4
 Leda's Liquefaction      Hex/Erth       1%         N/A       82%         4
 Petrify                  Tmut/Erth      2%         N/A       82%         4
 Starburst                Conj/Fire      6%         6d4       100%        6


Dungeon Overview and Level Annotations

Branches:
Dungeon (2/15)

Altars:

Shops:
D:2 (


Innate Abilities, Weirdness & Mutations

Your plain brown scales are hard. (AC +5)
You cannot fit into any form of body armour.
You are cold-blooded and may be slowed by cold attacks.


Message History

There is a stone staircase leading down here.
Unknown command.
Unknown command.
You completely miss the rat. You tail-slap the rat.
The rat is heavily wounded.
The rat closely misses you.
You hit the rat.
You kill the rat!
You climb downwards.
The gnoll hits you with the +10 dagger of the Cup {flame, Str+3}.
The gnoll burns you.
The gnoll hits you with the +10 dagger of the Cup {flame, Str+3}.
The gnoll burns you.
There is a stone staircase leading up here.
Unknown command.
The gnoll misses you.
The gnoll hits you with the +10 dagger of the Cup {flame, Str+3}!
* * * LOW HITPOINT WARNING * * *
The gnoll burns you.
* * * LOW HITPOINT WARNING * * *
You climb upwards.
There is a stone staircase leading down here.
Okay, then.
Okay, then.
Casting: Searing Ray (safe; 2% risk of failure)
Confirm with . or Enter, or press ? or * to list all spells.
Aiming: Searing Ray (safe; 2% risk of failure)
Press: ? - help, Shift-Dir - straight line, f - gnoll
Aim: a gnoll, wielding the +10 dagger of the Cup {flame, Str+3} and wearing a +0 scale mail (84% to hit)
The searing ray hits the gnoll.
The gnoll is moderately wounded. (Press . to maintain the ray.)
The gnoll hits you but does no damage.
The searing ray hits the gnoll.
The gnoll is heavily wounded.
The gnoll closely misses you.
The searing ray hits the gnoll.
The gnoll is heavily wounded.
The gnoll hits you with the +10 dagger of the Cup {flame, Str+3}.
You die...

###..## ##.##.#.##.# ##
##..####..#...##.# .#
##....##.....##.# .#
####..###...##.# .#
##)###.#..#.# .#########
#...#......#### .........#
###...........#
.........### ##g.........#
...........## #@.........#
####.#####..####..........#
#.## ##...............#
#..# ######..........#
##.#### #..........#
#####...[# #..........#
.......############.#######
.####.###...........#
#####.# #.###########


You could see a gnoll.

Vanquished Creatures
  A gnoll (D:1)
  3 adders (D:2)
  3 endoplasms (D:1)
  A giant cockroach (D:1)
  4 goblins
  A hobgoblin (D:2)
  3 kobolds
  2 quokkas (D:2)
  4 ball pythons
  3 bats (D:1)
  3 frilled lizards (D:1)
  2 rats (D:1)
30 creatures vanquished.

Notes
Turn   | Place    | Note
-------+----------+-------------------------------------------
     0 | D:1      | pkoi the Draconian Conjurer began the quest for the Orb.
     0 | D:1      | Reached XP level 1. HP: 14/14 MP: 3/3
   294 | D:1      | Reached XP level 2. HP: 20/20 MP: 1/5
   721 | D:1      | Got the Compendium of Dusty Confrontation
  1057 | D:2      | Reached XP level 3. HP: 12/26 MP: 0/6
  1391 | D:2      | Learned a level 2 spell: Searing Ray
  1394 | D:2      | Reached skill level 5 in Conjurations
  1448 | D:2      | Found Ypsyenky's Weapon Emporium.
  1514 | D:2      | Identified the +10 dagger of the Cup {flame, Str+3}
  1994 | D:1      | Slain by a gnoll

Illustrated notes

Levels and vault maps discovered:
D:1:      elethiomel_arrival_infinity_welcomes_careful_drivers, layout_rooms
D:2:      layout_rooms, serial_shops, nicolae_lakefront_shop, shop_statue, shop,
          hangedman_abyss_or_decor_lesser_grid, kennysheep_big_empty_room,
          uniq_crazy_yiuf_cottage, uniq_sigmund

Skill      XL: |  1  2  3 |
---------------+----------+-----
Conjurations   | 5 |  5.1
Dodging        | |  1.7
Stealth        | |  1.7
Spellcasting   | |  2.7

Action                   || total
-------------------------++-------
Melee: Unarmed           ||     8
       Tailslap          ||     4
       Short sword       ||    19
 Cast: Magic Dart        ||    51
       Searing Ray       ||     2
Armor: Skin              ||    13
Dodge: Dodged            ||    36
